 Dungeon Crawl Stone Soup version 0.27.1-2-g3b301248ec (webtiles) character file.

Game seed: 13550941207307391692

63 nxtlvl the Chopper (level 4, 0/35 HPs)
             Began as a Formicid Monk on Sept 24, 2021.
             Slain by an orc (3 damage)
             ... on level 3 of the Dungeon.
             The game lasted 00:06:16 (819 turns).

nxtlvl the Chopper (Formicid Monk)                   Turns: 819, Time: 00:06:17

Health: 0/35       AC:  8    Str: 15    XL:     4   Next: 31%
Magic:  4/4        EV:  7    Int: 10    God:
Gold:   117        SH:  0    Dex: 14    Spells: 3/3 levels left

rFire    . . .     SeeInvis +   a - +0 hand axe
rCold    . . .     Faith    .   (no shield)
rNeg     . . .     Spirit   .   c - +0 chain mail
rPois    .         Reflect  .   (helmet unavailable)
rElec    .         Harm     .   (no cloak)
rCorr    .         Rampage  .   (no gloves)
Will     .....                  (no boots)
Stlth    ..........             (no amulet)
HPRegen  0.11/turn              (no ring)
MPRegen  0.09/turn              (no ring)

@: no status effects
A: permanent stasis, dig shafts and tunnels, antennae 3, four strong arms
a: Dig, Shaft Self


You were on level 3 of the Dungeon.
You visited 1 branch of the dungeon, and saw 3 of its levels.

You collected 117 gold pieces.

Inventory:

Hand Weapons
 a - a +0 hand axe (weapon)
 b - a +0 hunting sling
Missiles
 d - 41 sling bullets
 g - 11 poisoned darts
 h - 15 arrows
Armour
 c - a +0 chain mail (worn)
Wands
 f - a wand of iceblast (11)
Scrolls
 i - a scroll of summoning {unknown}
 k - a scroll of amnesia {unknown}
Potions
 e - a potion of attraction {unknown}
 j - a potion of heal wounds {unknown}


   Skills:
 - Level 3.2 Fighting
 * Level 4.8 Axes
 - Level 2.6 Dodging
 - Level 2.4 Stealth


You had 3 spell levels left.
You didn't know any spells.
Your spell library contained the following spells:

 Spells                   Type           Power      Damage    Failure   Level
 Slow                     Hex            0%         N/A       100%        2
 Confusing Touch          Hex            0%         N/A       100%        3
 Vampiric Draining        Necr           0%         2d6       100%        3


Dungeon Overview and Level Annotations

Branches:
Dungeon (3/15)

Altars:


Innate Abilities, Weirdness & Mutations

You cannot be hasted, slowed, berserked, paralysed or teleported.
You can dig through walls and to a lower floor.
You have a pair of large antennae on your head. (SInv)
Your four strong arms can wield two-handed weapons with a shield.


Message History

You shoot a sling bullet. The sling bullet hits the orc.
The orc is severely wounded.
a - a +0 hand axe (weapon)
An orc comes into view. It is wielding a +0 falchion.
The orc hits you with a +0 club.
You barely miss the orc.
The orc is severely wounded.
The orc barely misses you.
You hit the orc but do no damage.
The orc is severely wounded.
The orc hits you but does no damage.
You hit the orc.
The orc is severely wounded.
The orc hits you but does no damage.
You closely miss the orc.
The orc is severely wounded.
The orc barely misses you.
You barely miss the orc.
The orc is severely wounded.
The orc barely misses you.
You hit the orc but do no damage.
The orc is severely wounded.
The orc misses you.
You slash the orc!
You kill the orc!
You completely miss the orc. The orc hits you with a +0 war axe.
The orc barely misses you.
You hit the orc but do no damage. The orc hits you with a +0 war axe.
* * * LOW HITPOINT WARNING * * *
You hit the orc.
The orc is severely wounded.
The orc hits you but does no damage.
You closely miss the orc.
The orc is severely wounded.
The orc hits you with a +0 war axe.
* * * LOW HITPOINT WARNING * * *
You hit the orc.
The orc is almost dead.
The orc hits you with a +0 war axe.
You die...

...# #<....# ..#
#..#
##.##.#...#....
#..###.##.....#....
#.........(..(...#
##....####......(o
#....# ..... #....#
..(
#....#####<##..#.
#.....@oo).......
#...)#####.#.....
#..).# .# #.#
#...(# .# #....# .#
##(...# .# ##.#.#
## ..#..( { ...##..


You could see 2 orcs.

Vanquished Creatures
  An adder (D:1)
  2 dart slugs
  3 orcs (D:3)
  A bat (D:2)
  5 endoplasms
  2 giant cockroaches (D:2)
  6 goblins
  A hobgoblin (D:1)
  4 jackals (D:2)
  4 kobolds
  2 quokkas (D:2)
  4 ball pythons
  6 frilled lizards
  2 rats (D:2)
43 creatures vanquished.

Notes
Turn   | Place    | Note
-------+----------+-------------------------------------------
     0 | D:1      | nxtlvl the Formicid Monk began the quest for the Orb.
     0 | D:1      | Reached XP level 1. HP: 18/18 MP: 1/1
   149 | D:1      | Reached XP level 2. HP: 8/24 MP: 2/2
   432 | D:2      | Reached skill level 4 in Axes
   432 | D:2      | Reached XP level 3. HP: 18/29 MP: 3/3
   672 | D:2      | Reached XP level 4. HP: 9/35 MP: 4/4
   819 | D:3      | Slain by an orc

Illustrated notes

Levels and vault maps discovered:
D:1:      dpeg_arrival_rhombi, layout_rooms, hangedman_abyss_or_decor_stabs,
          minivault_19, chequers_serial_rivers_micro_b, st_stairs_4,
          minivault_25
D:2:      layout_rooms, chequers_decorated_corner, minmay_pentomino_q4
D:3:      layout_rooms, ebering_ecumenical_altar_petrified,
          minmay_misc_feat_nine_boxes

Skill      XL: |  1  2 |
---------------+-------+-----
Axes           | 4 |  4.8
Fighting       | |  3.2
Dodging        | |  2.6
Stealth        | |  2.4

Action                   |  1- 3 |  4- 6 || total
-------------------------+-------+-------++-------
Melee: Hand axe          |   144 |    29 ||   173
 Fire: Hunting sling     |       |    18 ||    18
 Abil: Dig               |     8 |       ||     8
Armor: Chain mail        |    76 |    15 ||    91
Dodge: Dodged            |    54 |     9 ||    63
